 Dungeon Crawl Stone Soup version 0.15-a0-674-g7948ca6 (webtiles) character file.

69 MrRokkomies the Vexing (level 4, 0/30 HPs)
             Began as a Vampire Enchanter on May 9, 2014.
             Slain by a kobold
             ... wielding a +0,+0 whip
              (6 damage)
             ... on Level 2 of the Dungeon.
             The game lasted 00:05:33 (2304 turns).

MrRokkomies the Vexing (Vampire Enchanter)          Turns: 2304, Time: 00:05:33

HP   0/30        AC  3     Str  8      XL: 4   Next:  2%
MP   7/7         EV 12     Int 17      God:
Gold 38          SH  0     Dex 14      Spells:  3 memorised,  1 level left

rFire  . . .     SeeInvis +     h - +1 dagger (speed)
rCold  + + .     Clarity  .     b - +1 robe
rNeg   + + +     Conserve .     (no shield)
rPois  +         rCorr    .     (no helmet)
rElec  .         rRot     +     (no cloak)
SustAb . .       Spirit   .     (no gloves)
rMut   .         Warding  .     (no boots)
Saprov . . .     Stasis   .     (no amulet)
MR     .....                    (no ring)
                                (no ring)

@: non-regenerating, not resistant to hostile enchantments, fairly stealthy
A: fangs 3, see invisible, unbreathing
a: Bat Form


You were on level 2 of the Dungeon.
You were bloodless.

You visited 1 branch of the dungeon, and saw 2 of its levels.

You collected 38 gold pieces.

Inventory:

Hand weapons
 h - a +1,+1 dagger of speed (weapon)
Missiles
 d - 12 darts (quivered)
Armour
 b - a +1 robe (worn)
Scrolls
 i - a scroll of enchant weapon II {unknown}
 k - a scroll of teleportation
 o - 2 scrolls of remove curse
Potions
 a - a potion of poison {unknown}
 e - a potion of coagulated blood
 f - 2 potions of heal wounds
 g - 2 potions of curing
 m - a potion of restore abilities
 p - a potion of flight
Books
 c - a book of Maledictions

   Spells                             Type                      Level
   *Corona                            Hexes                        1
   Sure Blade                         Hexes/Charms                 2
   *Ensorcelled Hibernation           Hexes/Ice                    2
   *Confuse                           Hexes                        3
   Dazzling Spray                     Conjuration/Hexes            3
   Enslavement                        Hexes                        4


   Skills:
 * Level 2.4 Short Blades
 - Level 0.7 Throwing
 - Level 2.1 Dodging
 - Level 3.0 Stealth
 - Level 2.0 Spellcasting
 + Level 6.4 Hexes


You had one spell level left.
You knew the following spells:

 Your Spells              Type           Power        Failure   Level  Hunger
a - Corona                Hex            ###....      1%          1    #......
b - Ensorcelled Hibernat  Hex/Ice        ##....       10%         2    ###....
c - Confuse               Hex            ###.....     6%          3    ####...


Dungeon Overview and Level Annotations

Branches:
Dungeon (2/15)

Altars:


Innate Abilities, Weirdness & Mutations

You do not heal naturally.
You have razor-sharp teeth.*
You have supernaturally acute eyesight.
You can survive without breathing.*


Message History

Read which item? (? for menu, Esc to quit)
Memorise Confuse, consuming 3 spell levels and leaving 1?
You start memorising the spell.
You continue memorising.
You continue memorising. x2
You finish memorising.
You start resting.
Magic restored.
Found 2 tomahawks.
Found a scroll labeled GREROH GUNOO.
i - a scroll labeled GREROH GUNOO
Found a bread ration.
g - 2 potions of curing (gained 1)
o - 2 scrolls of remove curse (gained 1)
A kobold comes into view. It is wielding a whip.
The kobold shouts!
The kobold throws a dart.
The dart misses you.
You see here a dart.
You start waiting.
The kobold hits you with a whip.
You die...

.# .s .# .# ######### .#
#.......# ##.# #.#####.#
#
.g.#######.#####.#####.##
#..........##....K..(...#
#.##.......##.##@#####.##
#.##.##.#..##.##.# ....
#.##..........%..## #.
#K# ...........########.
.## # #..........# #. .%#
####.####.## #.. #§# #
........#.# # #..##§#§#
.#.#..#>#.# ... #..§§§§§#
.#.#..#.#.#.....#
#.##§§§##


You could see a kobold.

Vanquished Creatures
  2 adders (D:2)
  A giant mite (D:1)
  2 giant geckos (D:1)
  5 bats (D:1)
  7 goblins
  2 hobgoblins (D:1)
  3 jackals (D:1)
  A ball python (D:1)
  3 giant cockroaches
  A giant newt (D:1)
  9 kobolds
  A quokka (D:2)
  6 rats
43 creatures vanquished.

Notes
Turn   | Place    | Note
--------------------------------------------------------------
     0 | D:1      | MrRokkomies, the Vampire Enchanter, began the quest for the Orb.
     0 | D:1      | Reached XP level 1. HP: 13/13 MP: 3/3
    63 | D:1      | Reached skill level 5 in Hexes
   304 | D:1      | Reached XP level 2. HP: 1/19 MP: 4/4
   672 | D:1      | Learned a level 2 spell: Ensorcelled Hibernation
   960 | D:1      | Reached XP level 3. HP: 11/24 MP: 6/6
  1914 | D:1      | Reached skill level 6 in Hexes
  2203 | D:2      | Reached XP level 4. HP: 11/30 MP: 1/7
  2245 | D:2      | Learned a level 3 spell: Confuse
  2304 | D:2      | Slain by a kobold

Action                   |  1- 3 |  4- 6 || total
-------------------------+-------+-------++-------
Melee: Dagger            |   184 |    14 ||   198
Throw: Dart              |     7 |       ||     7
 Cast: Corona            |     1 |       ||     1
       Ensorcelled Hiber |     3 |       ||     3
  Use: Scroll            |    11 |       ||    11
 Stab: Sleeping          |     2 |       ||     2
